 Dungeon Crawl Stone Soup version 0.21.1-1-g345015fe64 (webtiles) character file.

7946 Ikesh the Destroyer (level 11, -14/74 HPs)
             Began as a Grey Draconian Conjurer on Feb 7, 2018.
             Was a Priest of Vehumet.
             Hit by a large rock thrown by a stone giant (42 damage)
             ... on level 1 of the Orcish Mines.
             The game lasted 01:14:38 (10910 turns).

Ikesh the Destroyer (Grey Draconian Conjurer)      Turns: 10910, Time: 01:14:39

Health: -14/74     AC: 14    Str: 10    XL:     11   Next: 3%
Magic:  13/23      EV: 18    Int: 18    God:    Vehumet [***...]
Gold:   498        SH:  0    Dex: 13    Spells: 11/26 levels left

rFire    . . .     SeeInvis .   d - +4 quarterstaff (chaos)
rCold    . . .     Gourm    .   (shield currently unavailable)
rNeg     . . .     Faith    .   (armour unavailable)
rPois    +         Spirit   .   (helmet restricted)
rElec    .         Reflect  .   r - +0 cloak
rCorr    .         Harm     .   k - +0 pair of gloves
MR       .....     Rnd*Rage +   (no boots)
Stlth    ++........             (no amulet)
HPRegen  0.22/turn              h - ring of poison resistance
MPRegen  0.18/turn              (no ring)

@: no status effects
A: walk through water, unfitting armour, hooves 1, berserk 1, unbreathing,
evolution 1, cold-blooded, AC +12
a: Renounce Religion


You were on level 1 of the Orcish Mines.
You worshipped Vehumet.
Vehumet was most pleased with you.
You were hungry.

You visited 2 branches of the dungeon, and saw 10 of its levels.

You collected 498 gold pieces.

Inventory:

Hand Weapons
 d - a +4 quarterstaff of chaos (weapon)
 f - a +1 dagger of flaming
 j - a +3 dagger of venom
 A - a +1 short sword of holy wrath
Missiles
 w - a tomahawk of dispersal (quivered)
Armour
 k - a +0 pair of gloves (worn)
 r - a +0 cloak (worn)
Magical Staves
 e - an uncursed staff of earth
 t - an uncursed staff of fire
Jewellery
 h - a ring of poison resistance (left hand)
Wands
 i - a wand of iceblast (10)
 l - a wand of flame (19)
 p - a wand of disintegration (13)
 q - a wand of paralysis (6)
Scrolls
 c - 3 scrolls of remove curse
 g - 2 scrolls of fog
 m - a scroll of enchant armour {unknown}
 o - 3 scrolls of identify
 v - 2 scrolls of enchant weapon
 y - a scroll of random uselessness {unknown}
 B - a scroll of teleportation
Potions
 n - a potion of agility
 s - a potion of might
 x - 2 potions of brilliance
 z - a potion of haste {unknown}
 C - 2 potions of flight
Books
 a - a book of Conjurations

   Spells                             Type                      Level
   a - Magic Dart                     Conjuration                  1
   b - Searing Ray                    Conjuration                  2
   c - Dazzling Spray                 Conjuration/Hexes            3
   d - Fulminant Prism                Conjuration/Hexes            4
   e - Force Lance                    Conjuration/Translocation    4
   f - Iskenderun's Mystic Blast      Conjuration                  4
Comestibles
 b - 14 rations


   Skills:
 + Level 4.8 Staves
 + Level 9.6 Dodging
 - Level 2.6 Stealth
 + Level 8.1 Spellcasting
 + Level 10.0 Conjurations
 + Level 0.1 Translocations
 + Level 1.3 Evocations


You had 11 spell levels left.
You knew the following spells:

 Your Spells              Type           Power        Failure   Level  Hunger
a - Magic Dart            Conj           ####         1%          1    None
b - Searing Ray           Conj           #####.       1%          2    None
c - Iskenderun's Mystic   Conj           #####...     1%          4    ###....
d - Freeze                Ice            #...         2%          1    None
e - Dazzling Spray        Conj/Hex       ####..       1%          3    #......
f - Force Lance           Conj/Tloc      ####....     3%          4    ###....


Dungeon Overview and Level Annotations

Branches:
Dungeon (9/15)             Temple (0/1) D:7             Orc (1/2) D:9
   Lair: D:8-11

Altars:
Ashenzari
Dithmenos
Fedhas
Gozag
Vehumet
Yredelemnul
The Shining One

Shops:
D:7 (   D:8 *

Annotations:
D:3 endorz's ghost, amateur HOFi
D:4 exclusion: oklob plant


Innate Abilities, Weirdness & Mutations

You can walk through water.
Your dull iron-grey scales are very hard. (AC +12)
You cannot fit into any form of body armour.
You can survive without breathing.
You are cold-blooded and may be slowed by cold attacks.
You have large cloven feet.
You tend to lose your temper in combat.
You evolve.


Message History

The stone giant throws a large rock.
The large rock hits you!!
Casting: Searing Ray
Confirm with . or Enter, or press ? or * to list all spells.
Aiming: Force Lance
Press: ? - help, Shift-Dir - straight line, f - stone giant
Aim: a stone giant The lance of force hits the stone giant.
The stone giant is lightly wounded.
The stone giant is knocked back by the lance of force.
Casting: Force Lance
Confirm with . or Enter, or press ? or * to list all spells.
Aiming: Searing Ray
Press: ? - help, Shift-Dir - straight line, f/p - stone giant
Aim: a stone giant (lightly wounded)
The searing ray hits the stone giant.
The stone giant is moderately wounded. (Press . to maintain the ray.)
The stone giant throws a large rock.
The large rock hits you!!!
Ouch! That really hurt!
You die...

...# .#...#
......#
.......##
#.#..... #.....#
. #.#.....## ...
.......<$##..#
#...#...@....#
........[.#$#...
...........#..
............. .
........C.....
...>........#..#
....$......#####
...........


You could see a stone giant.

Vanquished Creatures
  3 two-headed ogres
  A manticore (D:7)
  A centaur skeleton (D:9)
  A troll (Orc:1)
  The ghost of DildoBatman the Sneak, an amateur FoEn of Ashenzari (D:4)
  A hippogriff (D:9)
  A yak (D:7)
  2 hungry ghosts
  2 water moccasins
  4 ice beasts
  An orc warrior (D:9)
  5 sky beasts
  2 necrophages
  A phantom (D:6)
  4 ogres
  7 centaurs
  2 big kobolds
  An elf skeleton (D:8)
  2 elf zombies (D:8)
  A water moccasin zombie (D:5)
  A scorpion (D:3)
  4 killer bees
  3 crimson imps
  3 howler monkeys (D:9)
  2 bullfrog zombies
  2 human zombies (D:8)
  A quasit (D:9)
  3 hounds
  Crazy Yiuf (D:7)
  6 orc priests
  A bullfrog skeleton (D:8)
  4 orc wizards
  Jessica (D:3)
  4 human skeletons (D:8)
  5 iguanas
  6 worker ants
  Terence (D:2)
  2 hound zombies
  A hound skeleton (D:4)
  A gnoll (D:1)
  A howler monkey skeleton (D:9)
  8 adders
  A shadow imp (D:7)
  2 oozes
  An adder skeleton (D:6)
  2 worms (D:2)
  3 dart slugs (D:3)
  9 leopard geckos
  27 orcs
  2 giant cockroaches
  4 hobgoblins (D:3)
  10 jackals
  4 quokkas
  A ball python (D:1)
  5 bats
  A frilled lizard (D:2)
  5 goblins
  11 kobolds
  An orc skeleton (D:8)
  7 rats
200 creatures vanquished.

Vanquished Creatures (others)
  16 toadstools (D:4)
16 creatures vanquished.

Grand Total: 216 creatures vanquished

Notes
Turn   | Place    | Note
-------+----------+-------------------------------------------
     0 | D:1      | Ikesh the Draconian Conjurer began the quest for the Orb.
     0 | D:1      | Reached XP level 1. HP: 14/14 MP: 3/3
   322 | D:1      | Reached XP level 2. HP: 6/20 MP: 0/5
   348 | D:1      | HP: 1/20 [ooze (4)]
   359 | D:1      | Gained mutation: Your spells are a little easier to cast, but a little less powerful. [potion of mutation]
   359 | D:1      | Gained mutation: You have a pair of small horns on your head. [potion of mutation]
   359 | D:1      | Gained mutation: Your large and strong wings let you fly indefinitely. [potion of mutation]
   381 | D:1      | Learned a level 2 spell: Searing Ray
   596 | D:1      | Reached XP level 3. HP: 17/26 MP: 1/6
   829 | D:2      | Noticed Terence
   843 | D:2      | Killed Terence
  1410 | D:2      | Reached skill level 5 in Conjurations
  1410 | D:2      | Reached XP level 4. HP: 33/33 MP: 4/7
  1460 | D:3      | Noticed a centaur
  1530 | D:3      | Found a basalt altar of Yredelemnul.
  1565 | D:3      | Found a shadowy altar of Dithmenos.
  1602 | D:3      | Noticed endorz's ghost (amateur HOFi)
  1608 | D:3      | Noticed Jessica
  1693 | D:3      | Reached XP level 5. HP: 21/38 MP: 2/8
  1711 | D:3      | Learned a level 4 spell: Iskenderun's Mystic Blast
  2338 | D:3      | Lost mutation: Your large and strong wings let you fly indefinitely. [potion of mutation]
  2338 | D:3      | Lost mutation: You have a pair of small horns on your head. [potion of mutation]
  2338 | D:3      | Lost mutation: Your spells are a little easier to cast, but a little less powerful. [potion of mutation]
  2338 | D:3      | Gained mutation: You occasionally shout uncontrollably at your foes. [potion of mutation]
  2338 | D:3      | Gained mutation: You evolve. [potion of mutation]
  2562 | D:4      | Noticed DildoBatman's ghost (amateur FoEn)
  2634 | D:3      | Reached XP level 6. HP: 39/45 MP: 5/10
  3294 | D:4      | Reached skill level 6 in Conjurations
  3306 | D:4      | Found a blossoming altar of Fedhas.
  3332 | D:4      | Noticed an oklob plant
  3737 | D:4      | Killed DildoBatman's ghost
  3737 | D:4      | Your scales start taking on a dull iron-grey colour.
  3737 | D:4      | Reached XP level 7. HP: 45/50 MP: 5/12
  3737 | D:4      | Gained mutation: You can survive without breathing. [Grey Draconian growth]
  4088 | D:3      | Killed Jessica
  4138 | D:5      | Entered Level 5 of the Dungeon
  4298 | D:5      | Found a radiant altar of Vehumet.
  4301 | D:5      | Became a worshipper of Vehumet
  4745 | D:5      | Reached skill level 7 in Conjurations
  4747 | D:5      | Reached skill level 5 in Dodging
  4747 | D:5      | Reached XP level 8. HP: 44/57 MP: 3/15
  5047 | D:6      | Reached skill level 5 in Spellcasting
  5204 | D:6      | Found an opulent altar of Gozag.
  5476 | D:6      | Reached * piety under Vehumet
  5476 | D:6      | Offered knowledge of Freeze by Vehumet.
  5482 | D:6      | Learned a level 1 spell: Freeze
  5780 | D:7      | Reached skill level 8 in Conjurations
  5805 | D:7      | Found a staircase to the Ecumenical Temple.
  5877 | D:7      | Found a shattered altar of Ashenzari.
  5898 | D:7      | Reached XP level 9. HP: 59/62 MP: 9/18
  6003 | D:7      | Noticed a manticore
  6068 | D:7      | Killed a manticore
  6660 | D:7      | Found a runed door.
  6664 | D:7      | Noticed Crazy Yiuf
  6668 | D:7      | Killed Crazy Yiuf
  6766 | D:7      | Reached skill level 9 in Conjurations
  6806 | D:7      | Found Kaixann's Antique Weapon Shoppe.
  7103 | D:7      | Gained mutation: You tend to lose your temper in combat. [evolution]
  7113 | D:8      | Noticed a two-headed ogre
  7769 | D:7      | Killed a two-headed ogre
  8028 | D:8      | Reached XP level 10. HP: 65/69 MP: 14/20
  8049 | D:8      | Found a glowing golden altar of the Shining One.
  8333 | D:8      | Offered knowledge of Throw Frost by Vehumet.
  8511 | D:8      | Reached ** piety under Vehumet
  8560 | D:8      | Lost mutation: You occasionally shout uncontrollably at your foes. [evolution]
  8756 | D:8      | Found Mytoez's General Store.
  9146 | D:9      | Reached skill level 1 in Staves
  9164 | D:9      | Reached skill level 1 in Evocations
  9289 | D:9      | Offered knowledge of Stone Arrow by Vehumet.
  9304 | D:9      | Noticed a two-headed ogre
  9327 | D:9      | HP: 3/69 [two-headed ogre/giant club (13)]
  9345 | D:9      | Killed a two-headed ogre
  9667 | D:9      | Found a radiant altar of Vehumet.
 10140 | D:9      | Noticed a two-headed ogre
 10147 | D:9      | Killed a two-headed ogre
 10185 | D:9      | Found a staircase to the Orcish Mines.
 10250 | D:9      | Learned a level 3 spell: Dazzling Spray
 10255 | D:9      | Learned a level 4 spell: Force Lance
 10325 | D:9      | Gained mutation: You have large cloven feet. [evolution]
 10449 | D:9      | Reached *** piety under Vehumet
 10631 | D:9      | Reached skill level 10 in Conjurations
 10646 | D:9      | Reached XP level 11. HP: 73/74 MP: 20/23
 10900 | Orc:1    | Entered Level 1 of the Orcish Mines
 10904 | Orc:1    | Noticed a stone giant
 10910 | Orc:1    | Hit by a large rock thrown by a stone giant

Skill      XL: |  1  2  3  4  5  6  7  8  9 10 |
---------------+-------------------------------+-----
Dodging        | 2 3 4 5 6 8 9 |  9.6
Stealth        | 2 |  2.6
Conjurations   | 5 6 7 8 9 10 | 10.0
Spellcasting   | 3 4 6 7 8 |  8.1
Staves         | 4 |  4.8
Evocations     | 1 |  1.3
Translocations | |  0.1

Action                   |  1- 3 |  4- 6 |  7- 9 | 10-12 || total
-------------------------+-------+-------+-------+-------++-------
Melee: Unarmed           |    14 |       |       |       ||    14
       Dagger            |    12 |    47 |    58 |       ||   117
       Headbutt          |     4 |     2 |       |       ||     6
       Tailslap          |     2 |     3 |     7 |     8 ||    20
       Quarterstaff      |       |       |       |    92 ||    92
       Kick              |       |       |       |     4 ||     4
 Cast: Magic Dart        |    19 |     9 |       |       ||    28
       Searing Ray       |    12 |    30 |    57 |    52 ||   151
       Iskenderun's Myst |       |     2 |     8 |     4 ||    14
       Force Lance       |       |       |       |     5 ||     5
Evoke: Wand              |       |       |     3 |     3 ||     6
  Use: Potion            |     6 |     7 |     2 |       ||    15
       Scroll            |     8 |     6 |     1 |     3 ||    18
 Stab: Sleeping          |     2 |     5 |     4 |     3 ||    14
       Petrified         |       |       |       |     2 ||     2
       Paralysed         |       |       |       |     1 ||     1
  Eat: Ration            |     1 |     2 |     3 |     2 ||     8
       Chunk             |       |     2 |     5 |     7 ||    14
Armor: Skin              |    12 |    51 |    56 |    90 ||   209
Dodge: Dodged            |    44 |    67 |   165 |   148 ||   424
